AoeStats
← |GaoeG| flamingo

MegaRandom

510181343Analyzed
2v2 RM · 19h ago on Sep 29, 2026· 37m 15s· 4 players
Game mode
Random Map
Map size
Medium (4 player)
Population
200
Speed
Normal
Resources
Standard
Victory
Conquest
Starting age
Dark Age
Ending age
Imperial Age
RankedLock teamsTeams togetherTeam positionsShared explorationLock speedFull tech treeHidden civsTurbo modeCheats
Victory
Defeat
🇫🇷 Persians · France
1396
+15
🇩🇪 Tatars · Germany
1338
+17
🇪🇸 Britons · Spain
1382
-17
🇪🇸 Saracens · Spain
1340
-15
goupher
8:06 Loom
10:14 Feudal Age
15:31 Fletching
16:14 Double-Bit Axe
16:21 Gold Mining
20:13 Castle Age
20:30 Horse Collar
21:02 Bodkin Arrow
20:31 Crossbowman
21:53 Padded Archer Armor
24:10 Ballistics
26:42 Wheelbarrow
35:02 Imperial Age
32:39 Heavy Plow
32:55 Bow Saw
33:25 Scale Barding Armor
34:08 Hand Cart
35:31 Chain Barding Armor
35:34 Leather Archer Armor
36:09 Conscription
36:13 Bracer
36:48 Ring Archer Armor
37:25 Silk Armor
FLEJEUNE
6:30 Loom
9:21 Feudal Age
9:47 Double-Bit Axe
14:45 Scale Barding Armor
16:06 Town Watch
16:59 Bloodlines
18:11 Forging
19:29 Wheelbarrow
22:30 Castle Age
20:40 Gold Mining
23:22 Chain Barding Armor
23:39 Husbandry
26:32 Gold Shaft Mining
26:08 Bow Saw
25:39 Horse Collar
29:20 Heavy Plow
32:56 Iron Casting
|GaoeG| flamingo
4:27 Loom
10:01 Feudal Age
10:50 Double-Bit Axe
10:48 Horse Collar
21:02 Castle Age
25:07 Town Watch
JITANOmaleant7
10:56 Feudal Age
9:16 Loom
15:58 Castle Age
15:27 Double-Bit Axe
17:52 Bow Saw
20:39 Crossbowman
21:12 Fletching
24:16 Bodkin Arrow
25:56 Padded Archer Armor
30:24 Ballistics
32:13 Yeomen
36:18 Leather Archer Armor
Connection lost

Rejoining the realm…

Still unreachable

The connection could not be restored.

Session expired

The server has moved on; the page needs a fresh start.